 Dungeon Crawl Stone Soup version 0.30.1-10-g1249ef9ec4 (webtiles) character file.

Game seed: 2138744763032223344

4949 lonewolfV2 the Protected (level 10, -1/105 HPs)
             Began as a Demonspawn Fighter on Oct 27, 2023.
             Slain by a vampire (3 damage)
             ... on level 10 of the Dungeon.
             The game lasted 00:11:30 (8585 turns).

lonewolfV2 the Protected (Demonspawn Fighter)       Turns: 8585, Time: 00:11:30

Health: -1/105     AC: 15    Str: 29    XL:     10   Next: 28%
Magic:  11/11      EV: 14    Int: 12    God:
Gold:   495        SH:  9    Dex: 18    Spells: 9/9 levels left

rFire   . . .        a - +3 war axe (venom)
rCold   . . .        c - +0 buckler
rNeg    . . .        x - +1 chain mail
rPois   .            (no helmet)
rElec   .            (no cloak)
rCorr   .            (no gloves)
SInv    .            (no boots)
Will    .....        (no amulet) Stlth
                     f - +6 ring of strength
HPRegen 0.37/turn    g - +6 ring of strength
MPRegen 0.12/turn

%: no passive effects
@: berserking (expiring), very quick
A: claws 2, demonic guardian 1, sharp scales 3, condensation shield, agile 1,
clever 1, MP-powered wands
a: no special abilities


You were on level 10 of the Dungeon.
You visited 1 branch of the dungeon, and saw 10 of its levels.

You collected 495 gold pieces.

Inventory:

Hand Weapons
 a - a +3 war axe of venom (weapon)
Missiles
 y - a throwing net (quivered)
Armour
 c - a +0 buckler (worn)
 x - a +1 chain mail (worn)
Jewellery
 b - a ring of willpower
 f - a +6 ring of strength (left claw)
 g - a +6 ring of strength (right claw)
 i - a ring of resist corrosion
 p - a ring of magical power
Wands
 o - a wand of flame (51)
 q - a wand of polymorph (9)
 s - a wand of roots (8)
Scrolls
 e - 3 scrolls of teleportation
 l - 2 scrolls of blinking
 n - a scroll of fear
 r - 2 scrolls of amnesia
 v - a scroll of silence
Potions
 d - 3 potions of might
 j - 2 potions of invisibility
 k - 2 potions of attraction
 t - 3 potions of flight
 u - 2 potions of lignification
 w - 3 potions of haste
 z - 2 potions of curing


   Skills:
 + Level 3.2 Fighting
 * Level 2.5 Axes
 - Level 10.3 Armour
 - Level 9.5 Dodging
 - Level 2.6 Shields
 + Level 1.5 Invocations


You had 9 spell levels left.
You didn't know any spells.
Your spell library contained the following spells:

 Spells                   Type           Power      Damage    Failure   Level
 Kiss of Death            Conj/Necr      0%         2d5       78%         1
 Sting                    Tmut/Pois      0%         1d3       78%         1
 Poisonous Vapours        Pois/Air       0%         N/A       89%         2
 Confusing Touch          Hex            0%         N/A       98%         3
 Ozocubu's Armour         Ice            0%         N/A       98%         3
 Dispel Undead            Necr           0%         3d6       100%        4
 Leda's Liquefaction      Hex/Erth       0%         N/A       100%        4
 Olgreb's Toxic Radiance  Pois           0%         N/A       100%        4
 Lee's Rapid Deconstruct  Erth           0%         3d4*      100%        5
 Statue Form              Tmut/Erth      0%         N/A       100%        6
 Ozocubu's Refrigeration  Ice            0%         4d7       100%        7


Dungeon Overview and Level Annotations

Branches:
Dungeon (10/15)            Temple (0/1) D:6            Lair (0/5) D:9
    Orc: D:9-12

Altars:
Dithmenos
Trog

Shops:
D:3 [[*   D:5 *

Annotations:
D:4 2 transporters, Wiggles's ghost, amateur MiBe


Innate Abilities, Weirdness & Mutations

You have very sharp fingernails.
A weak demonic guardian rushes to your aid.
You are completely covered in razor-sharp scales. (AC +3, Slay +3)
A meltable shield of frost defends you. (SH +4)
You are agile. (Dex +4, Str/Int -1)
Your mind is acute. (Int +4, Str/Dex -1)
You expend magic power (3 MP) to strengthen your wands.


Message History

Something barely misses you.
You feel much better. Something hits you!
Something bites you but does no damage.
You slash something! Something hits you!
Something bites you but does no damage. Something draws life force from you!!
* * * LOW HITPOINT WARNING * * *
A demonic guardian appears!
You feel much better. You block something's attack. Something bites you.
Something draws strength from your injuries!
Sorry, you're not good enough to have a special ability.
A red film seems to cover your vision as you go berserk!
You feel yourself moving faster!
You feel mighty! Something hits you but does no damage.
Something completely misses you.
You slash something! Something closely misses you.
Something bites you but does no damage.
You miss something. Something hits you but does no damage. Something bites you!
Something draws strength from your injuries!
You hit something.
Your quasit disappears in a puff of smoke!
Something hits you. Something bites you but does no damage.
You slash something! Something draws life force from you.
You closely miss something. You closely miss something.
Something draws life force from you!
* * * LOW HITPOINT WARNING * * *
You slash something! Something draws life force from you!
* * * LOW HITPOINT WARNING * * *
You slash something!
A vampire appears from thin air!
Reactivating autopickup.
The vampire draws life force from you!
* * * LOW HITPOINT WARNING * * *
The vampire is healed by the life force!
You barely miss the vampire.
The vampire is heavily damaged.
The vampire closely misses you. You block the vampire's attack.
You barely miss the vampire.
The vampire is heavily damaged.
Your quasit barely misses the vampire.
Your quasit claws the vampire but does no damage. x2
The vampire hits you.
You die...

.......####.........#
...................##
...................##
#..................##
#................#..#
##...............>#..#
..................#..#
#.....5V:^............
#..#..@.........#.....
#...........##<....#
#..####.#.<###.....#
##. #.#.## ####### ..
..#.# ... #.##.# ....
.. ..# ..... ... .##
..


You could see a vampire (ally target) and a friendly quasit (summoned).

Vanquished Creatures
  A hornet (D:9)
  A wyvern (D:8)
  Sigmund (D:3)
  A steam dragon (D:8)
  2 water moccasins
  3 ice beasts
  5 ogres
  2 phantoms
  6 bullfrogs
  2 gnoll sergeants (D:9)
  4 scorpions
  7 wights
  16 killer bees
  4 howler monkeys
  5 orc priests
  4 hounds (D:5)
  3 jellies
  Crazy Yiuf (D:6)
  A gnoll bouda (D:7)
  A sleepcap (D:3)
  Jessica (D:3)
  3 iguanas (D:6)
  11 orc wizards
  12 gnolls
  6 adders
  3 shadow imps (D:8)
  3 white imps
  6 ufetubi
  2 worms (D:2)
  A dart slug (D:1)
  34 orcs
  5 bats
  4 endoplasms
  7 goblins
  6 hobgoblins
  4 jackals
  4 ball pythons
  4 frilled lizards
  5 kobolds
  2 rats (D:2)
193 creatures vanquished.

Vanquished Creatures (collateral kills)
  A centaur (D:6)
  A wight (D:9)
  An orc (D:9)
3 creatures vanquished.

Vanquished Creatures (others)
  A butterfly (D:5)
1 creature vanquished.

Grand Total: 197 creatures vanquished

Notes
Turn   | Place    | Note
-------+----------+-------------------------------------------
     0 | D:1      | lonewolfV2 the Demonspawn Fighter began the quest for the
                  | Orb.
     0 | D:1      | Reached XP level 1. HP: 18/18 MP: 1/1
   136 | D:1      | Reached skill level 1 in Dodging
   229 | D:1      | Gained mutation: You are partially covered in razor-sharp
                  | scales. (AC +1, Slay +1) [demonic ancestry]
   229 | D:1      | Reached XP level 2. HP: 22/24 MP: 2/2
   756 | D:2      | Reached skill level 3 in Armour
  1030 | D:2      | Gained mutation: You are mostly covered in razor-sharp
                  | scales. (AC +2, Slay +2) [demonic ancestry]
  1030 | D:2      | Reached XP level 3. HP: 29/29 MP: 3/3
  1188 | D:2      | Found a faded altar of an unknown god.
  1669 | D:3      | Found Uleufol's Assorted Antiques.
  1774 | D:3      | Gained mutation: You are completely covered in razor-sharp
                  | scales. (AC +3, Slay +3) [demonic ancestry]
  1774 | D:3      | Reached XP level 4. HP: 34/35 MP: 4/4
  1835 | D:3      | Found Mitzekix's Armour Shoppe.
  1943 | D:3      | Found Biylor's Antique Armour Emporium.
  1943 | D:3      | Noticed Jessica
  1952 | D:3      | Killed Jessica
  1953 | D:3      | Gained mutation: A weak demonic guardian rushes to your
                  | aid. [demonic ancestry]
  1953 | D:3      | Reached XP level 5. HP: 41/41 MP: 5/5
  2101 | D:3      | Noticed Sigmund
  2133 | D:3      | Killed Sigmund
  2134 | D:3      | Reached skill level 4 in Armour
  2134 | D:3      | Gained mutation: You have sharp fingernails. [demonic
                  | ancestry]
  2134 | D:3      | Reached XP level 6. HP: 29/47 MP: 6/6
  2978 | D:4      | Found a transporter.
  2981 | D:4      | Noticed Wiggles's ghost (amateur MiBe)
  3145 | D:4      | Reached skill level 5 in Dodging
  3151 | D:4      | Reached XP level 7. HP: 32/52 MP: 7/7
  3385 | D:4      | Found a transporter.
  3870 | D:5      | Entered Level 5 of the Dungeon
  3896 | D:5      | Reached skill level 5 in Armour
  4020 | D:5      | Gained mutation: You have very sharp fingernails. [demonic
                  | ancestry]
  4020 | D:5      | Reached XP level 8. HP: 26/58 MP: 8/8
  4172 | D:5      | Identified the +0 short sword "Zatoj" {spect, rC++}
  4373 | D:5      | Found Irazidghuno's Assorted Antiques.
  4393 | D:5      | Found a bloodstained altar of Trog.
  4532 | D:6      | Reached skill level 6 in Armour
  4893 | D:6      | Reached skill level 7 in Armour
  5447 | D:6      | Found a staircase to the Ecumenical Temple.
  5530 | D:6      | Reached XP level 9. HP: 61/63 MP: 9/9
  5685 | D:6      | Found a runed translucent door.
  5686 | D:6      | Noticed Crazy Yiuf
  5693 | D:6      | Killed Crazy Yiuf
  5871 | D:6      | Gained mutation: You are agile. (Dex +4, Str/Int -1)
                  | [potion of mutation]
  5871 | D:6      | Gained mutation: You expend magic power (3 MP) to
                  | strengthen your wands. [potion of mutation]
  5871 | D:6      | Gained mutation: Your mind is acute. (Int +4, Str/Dex -1)
                  | [potion of mutation]
  6000 | D:7      | Reached skill level 8 in Armour
  6859 | D:8      | Reached skill level 9 in Armour
  7601 | D:9      | Found a shadowy altar of Dithmenos.
  7626 | D:9      | Gained mutation: A meltable shield of frost defends you.
                  | (SH +4) [demonic ancestry]
  7626 | D:9      | Reached XP level 10. HP: 50/68 MP: 10/10
  7637 | D:9      | Reached skill level 10 in Armour
  8332 | D:9      | Reached skill level 1 in Invocations
  8368 | D:9      | Found a staircase to the Lair.
  8478 | D:10     | Entered Level 10 of the Dungeon
  8583 | D:10     | HP: 1/105 [vampire/vampiric draining (14)]
  8585 | D:10     | Slain by a vampire

Illustrated notes

Levels and vault maps discovered:
D:1:      dpeg_arrival_refuge, layout_basic
D:2:      layout_basic, ebering_ecumenical_altar_hall
D:3:      layout_loops_corners, serial_shops, nicolae_shop_stone, shop, shop,
          uniq_jessica, uniq_sigmund
D:4:      layout_loops_ring, gammafunk_ghost_mausoleum
D:5:      layout_cave_pools, kennysheep_mini, nicolae_elyvilon_peaceful_grove,
          serial_shops, nicolae_shop_crystal
D:6:      layout_rooms, minmay_temple_entry_nine_rooms, grunt_ministairs_14,
          hex_intersection, uniq_crazy_yiuf_cottage
D:7:      layout_basic
D:8:      layout_rooms, serial_demonic, serial_demonic_e, serial_demonic_b,
          serial_demonic_g, serial_demonic_d
D:9:      layout_small_grid, grunt_dithmenos_smoke_and_mirrors, lair_entry_dummy
D:10:     layout_rooms, mainiacjoe_overflow_tiny_flanked, zombieorc1_lemuel,
          dreamdust_gnoll_shepherd

Skill      XL: |  1  2  3  4  5  6  7  8  9 10 |
---------------+-------------------------------+-----
Dodging        | 1 2 3 4 5 6 8 9 |  9.5
Armour         | 3 4 5 7 9 10 | 10.3
Axes           | 2 |  2.5
Invocations    | 1 |  1.5
Fighting       | |  3.2
Shields        | |  2.6

Action                     |  1- 3 |  4- 6 |  7- 9 | 10-12 || total
---------------------------+-------+-------+-------+-------++-------
  Melee: War axe           |    86 |    94 |   309 |    78 ||   567
    Use: Scroll            |     8 |     4 |    10 |       ||    22
         Potion            |       |     1 |     5 |     5 ||    11
 Armour: Scale mail        |    34 |    39 |    96 |       ||   169
         Chain mail        |       |       |    87 |    51 ||   138
  Dodge: Dodged            |    40 |    53 |   287 |    89 ||   469
  Block: Buckler           |    23 |    20 |   109 |    60 ||   212
